 Dungeon Crawl Stone Soup version 0.24.0-123-gd5b16e6ec5 (webtiles) character file.

Game seed: 14651232312326301453, levelgen mode: deterministic

6258 McKennaii the Thaumaturge (level 10, -1/115 HPs)
             Began as a Red Draconian Conjurer on Jan 19, 2020.
             Was a Believer of Sif Muna.
             Slain by a troll (6 damage)
             ... on level 8 of the Dungeon.
             The game lasted 00:33:06 (12746 turns).

McKennaii the Thaumaturge (Red Draconian Conjurer) Turns: 12746, Time: 00:33:06

Health: -1/115     AC: 25    Str: 13 (15) XL:     10   Next: 62%
Magic:  21/21      EV:  2    Int: 15 (18) God:    Sif Muna [**....]
Gold:   508        SH:  0    Dex: 10 (13) Spells: 18/28 levels left

rFire    . . .     SeeInvis .   u - staff of death
rCold    + + .     Gourm    .   (no shield)
rNeg     + + +     Faith    .   (armour unavailable)
rPois    +         Spirit   .   (helmet currently unavailable)
rElec    .         Reflect  .   (cloak currently unavailable)
rCorr    .         Harm     .   (gloves currently unavailable)
MR       .....     NoTele   +   (boots currently unavailable)
Stlth    +.........             k - amulet of the acrobat
HPRegen  0.29/turn              m - ring of protection from cold
MPRegen  0.17/turn              s - ring of protection from cold

@: confused, mighty, tree-form, very slightly contaminated, invisible
A: (breathe fire), unfitting armour, low mp 1, evolution 1, AC +7
a: Channel Magic, Renounce Religion


You were on level 8 of the Dungeon.
You worshipped Sif Muna.
Sif Muna was pleased with you.
You were near starving.
You were a tree.
You visited 1 branch of the dungeon, and saw 8 of its levels.
You also visited: Ossuary.

You collected 508 gold pieces.

Inventory:

Armour
 w - a +2 hat of magic resistance (melded)
Magical Staves
 u - an uncursed staff of death (weapon)
Jewellery
 k - an amulet of the acrobat (around neck)
 m - a ring of protection from cold (left branch)
 s - a ring of protection from cold (right branch)
Wands
 r - a wand of polymorph (1)
 v - a wand of scattershot (1)
Scrolls
 a - 8 scrolls of identify
 f - a scroll of fear {unknown}
 j - 5 scrolls of magic mapping
 l - a scroll of fog
 n - 6 scrolls of remove curse
 t - a scroll of noise {unknown}
 x - a scroll of enchant weapon
Potions
 c - a potion of degeneration
 d - 3 potions of mutation
 i - 5 potions of curing
 p - a potion of agility
 q - a potion of berserk rage
Comestibles
 b - 7 rations


   Skills:
 + Level 3.2 Fighting
 + Level 0.7 Staves
 + Level 5.0 Dodging
 + Level 3.4 Stealth
 + Level 9.5 Spellcasting
 + Level 8.7 Conjurations
 + Level 4.9 Summonings
 * Level 5.7 Fire Magic
 + Level 0.6 Evocations


You had 18 spell levels left.
You knew the following spells:

 Your Spells              Type           Power        Failure   Level  Hunger
a - Magic Dart            Conj           ####         1%          1    None
b - Conjure Flame         Conj/Fire      ####....     1%          3    #......
c - Iskenderun's Mystic   Conj           ####....     2%          4    ###....
d - Call Imp              Summ           ###.....     1%          2    None

Your spell library contained the following spells:

 Spells                   Type           Power        Failure   Level  Hunger
 Summon Small Mammal      Summ           ###.         1%          1    None
 Searing Ray              Conj           ####..       1%          2    None
 Call Canine Familiar     Summ           ###.....     4%          3    #......
 Dazzling Spray           Conj/Hex       ###...       4%          3    #......
 Inner Flame              Hex/Fire       ###.....     10%         3    #......
 Mephitic Cloud           Conj/Pois/Air  ###.....     10%         3    #......
 Confusing Touch          Hex            #.....       11%         1    None
 Corona                   Hex            #......      11%         1    None
 Summon Guardian Golem    Hex/Summ       ##......     11%         3    #......
 Blink                    Tloc           N/A          16%         2    None
 Slow                     Hex            #.......     16%         2    None
 Force Lance              Conj/Tloc      ###.....     17%         4    ###....
 Fulminant Prism          Conj/Hex       ###.......   17%         4    ###....
 Confuse                  Hex            #.......     30%         3    #......
 Gell's Gravitas          Tloc           #.........   30%         3    #......
 Portal Projectile        Hex/Tloc       #.....       30%         3    #......
 Summon Ice Beast         Ice/Summ       ##......     36%         4    ###....
 Summon Lightning Spire   Summ/Air       ##......     36%         4    ###....
 Cause Fear               Hex            #.........   71%         4    ###....
 Leda's Liquefaction      Hex/Erth       #.........   71%         4    ###....
 Petrify                  Tmut/Erth      #.......     71%         4    ###....
 Metabolic Englaciation   Hex/Ice        #.........   96%         5    #####..
 Yara's Violent Unravell  Hex/Tmut       #.........   96%         5    #####..


Dungeon Overview and Level Annotations

Branches:
Dungeon (8/15)             Temple (0/1) D:5         Ossuary (visited)
   Lair: D:8-11

Altars:
Dithmenos
Fedhas
Makhleb
Sif Muna
Trog
Vehumet
Wu Jian
Zin

Shops:
D:4 :

Annotations:
D:3 2 transporters, Descartes's ghost, amateur FoAK


Innate Abilities, Weirdness & Mutations

((You can breathe blasts of fire.))
((Your fiery red scales are hard. (AC +7)))
You cannot fit into any form of body armour.
((Your flesh is heat resistant. (rF+)))
((You are cold-blooded and may be slowed by cold attacks.))
((Your tail ends in a poisonous barb.))
Your magical capacity is low. (-10% MP)
You evolve.


Message History

You are confused.
You feel invigorated. The troll bites you.
* * * LOW HITPOINT WARNING * * *
The troll claws you but does no damage. The troll claws you.
* * * LOW HITPOINT WARNING * * *
You cannot move. (Use ctrl+direction or * direction to attack without moving.)
You hit the troll!
The troll is severely wounded.
The troll barely misses you.
The troll claws you but does no damage. x2
You swing at nothing.
The troll bites you!
* * * LOW HITPOINT WARNING * * *
The troll claws you!
* * * LOW HITPOINT WARNING * * *
The troll claws you but does no damage.
You closely miss the troll.
The troll is heavily wounded.
The troll bites you.
* * * LOW HITPOINT WARNING * * *
The troll claws you but does no damage. x2; The troll bites you.
You die...

#...#.#...##.###.....#.#....####
#.#.#)..#.#.##.##..).............
.###..#..###.#.##..............9.
. ##...###...#..#...............
#.###.#.#..#..#..........5...# .#
#...#.##.#)...#.......##. #
##...##.##y..###.........
..#####.#T#..#....#.....# ###
#..#♣##......###...## ####
...##.###......##..###
.....####.## #..........#
.........######.#......###
.....S.......##.#.##.....#
...##$..........##......##
....(....####..##......#
##..#.....####..#..##.###
#...###.[..#.9......###


You could see a troll and a killer bee.

Vanquished Creatures
  Gastronok (D:8)
  A two-headed ogre (D:8)
  Pikel (D:6)
  A gargoyle (D:8)
  2 hornets
  Prince Ribbit (D:8)
  2 hippogriffs
  A basilisk (D:7)
  A hungry ghost (D:7)
  A water moccasin (D:7)
  An orc warrior (D:6)
  2 ice beasts
  2 centaurs
  2 elf zombies (Ossuary)
  3 bullfrogs
  2 scorpions
  4 killer bees
  A howler monkey (D:6)
  3 bullfrog zombies
  3 hounds (D:8)
  An orc priest (D:3)
  A bullfrog skeleton (D:6)
  4 jellies
  A human zombie (Ossuary)
  Ijyb (D:5)
  An iguana (D:8)
  2 orc wizards (D:6)
  7 worker ants
  2 big kobold zombies (Ossuary)
  A hound skeleton (D:6)
  2 hound zombies (Ossuary)
  4 mummies (Ossuary)
  2 howler monkey zombies
  A worker ant zombie (D:7)
  7 adders
  2 howler monkey skeletons
  A shadow imp (D:6)
  3 worms (D:2)
  A dart slug (D:2)
  5 leopard geckos
  20 orcs
  3 giant cockroaches
  11 goblins
  6 hobgoblins
  7 jackals
  8 quokkas
  3 ball pythons
  4 bats
  2 frilled lizards
  A hobgoblin zombie (Ossuary)
  A jackal skeleton (D:6)
  3 jackal zombies
  4 kobolds
  A leopard gecko skeleton (D:6)
  An orc zombie (Ossuary)
  A quokka zombie (D:6)
  8 rats
  A rat zombie (Ossuary)
169 creatures vanquished.

Vanquished Creatures (collateral kills)
  A big kobold (D:8)
  A crimson imp (D:8)
  A giant cockroach (D:8)
3 creatures vanquished.

Vanquished Creatures (others)
  A hound (D:6)
  A jelly (D:6)
  A worker ant (D:6)
3 creatures vanquished.

Grand Total: 175 creatures vanquished

Notes
Turn   | Place    | Note
-------+----------+-------------------------------------------
     0 | D:1      | McKennaii the Draconian Conjurer began the quest for the
                  | Orb.
     0 | D:1      | Reached XP level 1. HP: 14/14 MP: 3/3
   254 | D:1      | Reached XP level 2. HP: 3/20 MP: 0/5
  1098 | D:1      | Reached XP level 3. HP: 26/26 MP: 2/6
  1776 | D:2      | Found a faded altar of an unknown god.
  1812 | D:2      | Found a shimmering blue altar of Sif Muna.
  1920 | D:2      | Became a worshipper of Sif Muna the Loreminder
  2331 | D:3      | Reached skill level 3 in Spellcasting
  2331 | D:3      | Reached XP level 4. HP: 33/33 MP: 3/8
  2461 | D:3      | Found a transporter.
  2464 | D:3      | Found a transporter.
  2464 | D:3      | Noticed Descartes's ghost (amateur FoAK)
  3421 | D:3      | Reached skill level 5 in Conjurations
  3574 | D:4      | Found Inupoxiu's Book Shoppe.
  3638 | D:4      | Reached XP level 5. HP: 19/38 MP: 0/10
  3778 | D:4      | Found a sand-covered staircase.
  3784 | Ossuary  | Entered an ossuary
  3810 | Ossuary  | Reached skill level 4 in Spellcasting
  4015 | Ossuary  | Reached skill level 1 in Fighting
  4264 | Ossuary  | Reached XP level 6. HP: 14/47 MP: 0/12
  4580 | Ossuary  | Reached * piety under Sif Muna
  5113 | D:4      | Reached skill level 5 in Spellcasting
  5246 | D:4      | Your scales start taking on a fiery red colour.
  5246 | D:4      | Reached XP level 7. HP: 36/52 MP: 5/14
  5246 | D:4      | Gained mutation: Your flesh is heat resistant. (rF+) [Red
                  | Draconian growth]
  5251 | D:4      | Learned a level 3 spell: Conjure Flame
  5256 | D:4      | Learned a level 4 spell: Iskenderun's Mystic Blast
  5259 | D:4      | Learned a level 2 spell: Call Imp
  6025 | D:4      | Noticed a blizzard demon
  6026 | D:4      | Found a burning altar of Makhleb.
  6029 | D:4      | Found a glowing silver altar of Zin.
  6029 | D:4      | Noticed an angel
  6202 | D:5      | Entered Level 5 of the Dungeon
  6218 | D:5      | Reached skill level 1 in Summonings
  6675 | D:5      | Found a staircase to the Ecumenical Temple.
  6954 | D:5      | Noticed Ijyb
  6963 | D:5      | Killed Ijyb
  7151 | D:5      | Noticed a hippogriff
  7193 | D:5      | Killed a hippogriff
  7193 | D:5      | Reached skill level 6 in Spellcasting
  7228 | D:5      | Reached XP level 8. HP: 59/59 MP: 14/17
  7759 | D:6      | Noticed Pikel
  7793 | D:6      | Killed Pikel
  7793 | D:6      | Reached skill level 7 in Spellcasting
  8479 | D:6      | Reached skill level 1 in Fire Magic
  9067 | D:7      | Reached XP level 9. HP: 46/67 MP: 14/20
  9599 | D:7      | Found a shadowy altar of Dithmenos.
  9600 | D:7      | Found a radiant altar of Vehumet.
  9601 | D:7      | Found a blossoming altar of Fedhas.
  9602 | D:7      | Found a bloodstained altar of Trog.
  9603 | D:7      | Found an ornate altar of the Wu Jian Council.
 10034 | D:8      | Noticed a troll
 10170 | D:8      | Reached ** piety under Sif Muna
 10319 | D:8      | Noticed Prince Ribbit
 10326 | D:8      | Killed Prince Ribbit
 10326 | D:8      | Reached skill level 8 in Spellcasting
 10758 | D:8      | Noticed Gastronok
 10834 | D:7      | Paralysed by a hornet for 1 turns
 10841 | D:7      | Gained mutation: You evolve. [potion of mutation]
 10841 | D:7      | Gained mutation: Your magical capacity is low. (-10% MP)
                  | [potion of mutation]
 10841 | D:7      | Gained mutation: Your tail ends in a poisonous barb.
                  | [potion of mutation]
 11225 | D:8      | Noticed a two-headed ogre
 11234 | D:8      | Killed a two-headed ogre
 11234 | D:8      | Reached XP level 10. HP: 24/74 MP: 1/20
 11628 | D:8      | HP: 2/75 [Gastronok (20)]
 11629 | D:8      | Killed Gastronok
 11629 | D:8      | Reached skill level 9 in Spellcasting
 11629 | D:8      | Reached skill level 5 in Fire Magic
 11999 | D:8      | Noticed a gargoyle
 12720 | D:8      | Reached skill level 5 in Dodging
 12724 | D:8      | Killed a gargoyle
 12746 | D:8      | HP: 5/115 [troll (5)]
 12746 | D:8      | Slain by a troll

Levels and vault maps discovered:
D:1:      minmay_arrival_doors, layout_loops_ring
D:2:      layout_basic, old_standard_altar,
          chequers_ecumenical_altar_simple_redux, corexii_leaking_fountain
D:3:      layout_basic, gammafunk_ghost_mausoleum
D:4:      layout_basic, grunt_temple_overflow_order_and_chaos_2, serial_shops,
          shop, nicolae_ossuary_entry_monument
D:5:      layout_loops_ring, temple_statues, first_ration, minmay_small_thing,
          uniq_ijyb
D:6:      layout_loops_corners, serial_undead, serial_undead_e, serial_undead_e,
          serial_undead_b, serial_undead_b, uniq_pikel
D:7:      layout_gridville, minitemple
D:8:      minmay_ornate_pinched, layout_cave_pools, uniq_prince_ribbit1,
          uniq_gastronok

Skill      XL: |  1  2  3  4  5  6  7  8  9 10 |
---------------+-------------------------------+-----
Stealth        | 2 3 |  3.4
Dodging        | 2 3 4 5 |  5.0
Spellcasting   | 3 4 5 6 7 8 9 |  9.5
Conjurations   | 5 6 8 |  8.7
Fighting       | 1 2 3 |  3.2
Summonings     | 2 3 4 |  4.9
Fire Magic     | 1 4 5 |  5.7
Staves         | |  0.7
Evocations     | |  0.6

Action                   |  1- 3 |  4- 6 |  7- 9 | 10-12 || total
-------------------------+-------+-------+-------+-------++-------
Melee: Unarmed           |    20 |    51 |     6 |       ||    77
       Tailslap          |       |     8 |     4 |       ||    12
       Staff             |       |       |     8 |    18 ||    26
 Cast: Magic Dart        |    97 |   212 |   246 |    20 ||   575
       Iskenderun's Myst |       |       |    37 |    25 ||    62
       Call Imp          |       |       |    14 |     4 ||    18
       Conjure Flame     |       |       |     2 |       ||     2
 Abil: Breathe Fire      |       |       |    15 |     7 ||    22
Evoke: Wand              |       |       |       |     4 ||     4
  Use: Scroll            |     3 |     3 |     3 |       ||     9
       Potion            |       |     6 |     4 |     5 ||    15
 Stab: Invisible         |       |       |       |     1 ||     1
  Eat: Chunk             |     5 |     6 |    11 |     1 ||    23
       Ration            |       |     1 |     4 |     2 ||     7
Armor: Skin              |     4 |   199 |    51 |    48 ||   302
Dodge: Dodged            |    15 |   191 |   114 |    27 ||   347
